 Dungeon Crawl Stone Soup version 0.28.0-45-g0d030f2227 (webtiles) character file.

Game seed: 5423583815013184328

4762 unlimited1921 the Thaumaturge (level 10, 0/72 HPs)
             Began as a Djinni Fire Elementalist on Apr 22, 2022.
             Was an Initiate of Gozag.
             Slain by a two-headed ogre
             ... wielding a +0 giant spiked club
              (5 damage)
             ... on level 9 of the Dungeon.
             The game lasted 01:09:13 (14200 turns).

unlimited1921 the Thaumaturge (DjFE)               Turns: 14200, Time: 01:09:43

Health: 0/72       AC: 10    Str: 10    XL:     10   Next: 75%
Gold:   697        EV: 15    Int: 29    God:    Gozag SH:  0 Dex: 23

rFire   + + .      SeeInvis +   z - +5 falchion of Crusades {vorpal, Fragile Int+2 Dex+9 SInv}
rCold   x . .      Faith    .   (no shield)
rNeg    . . .      Spirit   .   P - +4 leather armour "Sosuobyv" {Will- Str+3 Slay+5}
rPois   ∞          Reflect  .   o - +0 helmet
rElec   .          Harm     .   G - +0 cloak
rCorr   .          Rampage  .   O - +0 pair of gloves
Will    .....                   (boots unavailable)
Stlth   +++.......              (no amulet)
HPRegen 0.22/turn               h - +6 ring of intelligence
MPRegen 0.00/turn               R - ring of wizardry

@: flying
A: sickness immunity, fire resistance 2, cold vulnerability 1, float, innate
caster, HP casting, extra vitality 1
a: Renounce Religion, Potion Petition, Call Merchant, Bribe Branch


You were on level 9 of the Dungeon.
You worshipped Gozag.
Gozag was pleased with you.
You visited 2 branches of the dungeon, and saw 11 of its levels.

You collected 775 gold pieces.
You paid 78 gold pieces to Gozag.

Inventory:

Hand Weapons
 g - a +2 mace of protection
 q - the +1 spear of Abomination {protect, rCorr Str+2 Dex+2}
   (You found it on level 7 of the Dungeon)

   It grants its wielder temporary protection when it strikes (+7 to AC).
   Str:       It affects your strength (+2).
   Dex:       It affects your dexterity (+2).
   rCorr:     It protects you from acid and corrosion.
 t - a +0 hand crossbow
 z - the +5 falchion of Crusades (weapon) {vorpal, Fragile Int+2 Dex+9 SInv}
   (You found it on level 5 of the Dungeon)

   It inflicts extra damage upon your enemies.
   Int:       It affects your intelligence (+2).
   Dex:       It affects your dexterity (+9).
   SInv:      It lets you see invisible.
   Fragile:   It will be destroyed if unequipped.
 F - a +4 quarterstaff of chaos
 H - a +4 battleaxe of flaming
 I - a +5 halberd
 J - a +4 flail
 K - a +2 battleaxe of freezing
 Y - a +3 hunting sling of freezing
Missiles
 e - 2 boomerangs (quivered)
 n - 64 sling bullets
 p - 109 bolts
 x - 3 javelins
 E - 6 poisoned darts
 T - 3 atropa-tipped darts
 Z - 250 stones
Armour
 o - a +0 helmet (worn)
 r - a +1 robe of resistance
 G - a +0 cloak (worn)
 O - a +0 pair of gloves (worn)
 P - the +4 leather armour "Sosuobyv" (worn) {Will- Str+3 Slay+5}
   (You found it on level 8 of the Dungeon)

   Str:       It affects your strength (+3).
   Slay:      It affects your accuracy & damage with ranged weapons and melee
   (+5).
   Will:      It decreases your willpower.
Jewellery
 h - a +6 ring of intelligence (left hand)
 R - a ring of wizardry (right hand)
Wands
 B - a wand of acid (11)
 D - a wand of polymorph (12)
 M - a wand of charming (8)
 Q - a wand of digging (4)
 X - a wand of mindburst (20)
Scrolls
 a - 2 scrolls of immolation {unknown}
 f - a scroll of enchant weapon
 l - 2 scrolls of magic mapping {unknown}
 m - a scroll of silence
 y - 2 scrolls of brand weapon
 C - 2 scrolls of teleportation
 L - a scroll of blinking
 V - a scroll of holy word
 W - a scroll of summoning
Potions
 b - a potion of heal wounds {unknown}
 c - 2 potions of ambrosia {unknown}
 i - a potion of curing
 j - a potion of berserk rage {unknown}
 k - a potion of lignification {unknown}
 u - a potion of attraction {unknown}
 v - a potion of experience {unknown}
 w - a potion of brilliance {unknown}
 A - 2 potions of mutation {unknown}
 N - a potion of invisibility {unknown}
 S - a potion of might {unknown}
 U - a potion of degeneration {unknown}


   Skills:
 * Level 6.2 Fighting
 + Level 2.2 Maces & Flails
 * Level 3.6 Armour
 * Level 5.2 Dodging
 + Level 3.5 Stealth
 + Level 9.2 Spellcasting


You had 6 spell levels left.
You knew the following spells:

 Your Spells              Type           Power      Damage    Failure   Level
a - Foxfire               Conj/Fire      100%       2x1d9     1%          1
b - Scorch                Fire           100%       2d10      1%          2
c - Conjure Flame         Conj/Fire      61%        6-21      1%          3
d - Inner Flame           Hex/Fire       61%        N/A       1%          3
e - Flame Wave            Conj/Fire      61%        2d12      1%          4
f - Sandblast             Erth           100%       2d20      1%          1
g - Ensorcelled Hibernat  Hex/Ice        100%       N/A       1%          2
h - Corpse Rot            Necr/Air       100%       N/A       1%          2
i - Confusing Touch       Hex            61%        N/A       1%          3
Your spell library was empty.

Dungeon Overview and Level Annotations

Branches:
Dungeon (10/15)            Temple (1/1) D:6
   Lair: D:8-11         Orc: D:9-12

Altars:
Ashenzari
Dithmenos
Elyvilon
Fedhas
Gozag
Hepliaklqana
Kikubaaqudgha
Makhleb
Nemelex Xobeh
Okawaru
Qazlal
Ru
Sif Muna
Trog
Uskayaw
Vehumet
Wu Jian
Xom
Yredelemnul
Zin
The Shining One
Lugonu


Innate Abilities, Weirdness & Mutations

You are immune to sickness and miasma.
You are immune to poison.
Your flesh is very heat resistant. (rF++)
You are vulnerable to cold. (rC-)
You float through the air rather than walking.
You learn spells naturally, not from books.
Your magical power is your life essence.
You have superior vitality. (+4 MHP)


Message History

Aim: a two-headed ogre, wielding a +0 giant spiked club and a +0 giant club (asleep, 100% to hit)
The blast of sand hits the two-headed ogre!
The two-headed ogre is lightly wounded.
The two-headed ogre shouts in stereo!
Z - 251 stones The electric eel shoots out a bolt of lightning at you!
The bolt of electricity hits you!
Casting: Sandblast (safe; 1% risk of failure)
Confirm with . or Enter, or press ? or * to list all spells.
Aiming: Sandblast (safe; 1% risk of failure)
Press: ? - help, Shift-Dir - straight line, f/p - two-headed ogre
Aim: a two-headed ogre, wielding a +0 giant spiked club and a +0 giant club (lightly wounded, 92% to hit)
The blast of sand hits the two-headed ogre!
The two-headed ogre is moderately wounded.
Z - 250 stones The electric eel shoots out a bolt of lightning at you!
The bolt of electricity hits you.
The two-headed ogre completely misses you.
The two-headed ogre closely misses you.
The electric eel shoots out a bolt of lightning at you!
The bolt of electricity hits you.
The troll shouts!
You fly upwards.
There is a stone staircase leading down here.
Casting: Sandblast (safe; 1% risk of failure)
Confirm with . or Enter, or press ? or * to list all spells.
Flames lash the two-headed ogre.
The two-headed ogre is severely wounded.
The two-headed ogre's fire resistance burns away.
The two-headed ogre closely misses you.
The two-headed ogre hits you with a +0 giant club!!
Casting: Scorch (safe; 1% risk of failure)
Confirm with . or Enter, or press ? or * to list all spells.
Flames lash the two-headed ogre.
The two-headed ogre is burned terribly!
The two-headed ogre is almost dead.
The two-headed ogre hits you with a +0 giant spiked club!!
* * * LOW HITPOINT WARNING * * *
The two-headed ogre hits you with a +0 giant club.
You die...
Your body crumbles into a pile of gold.

#.........#
#.........#
######'#### #..#
####.######
#.........# $
#.........#
#.........#
#.....@...# ##
#.....O...# .###
#.........########...#
#.................#
#.........#######.#
#.........# #...
#.........# #####
#.........#
#####.#####


You could see a two-headed ogre (combustible).

Vanquished Creatures
  A deep elf pyromancer (D:7)
  Joseph (D:8)
  5 yaks (D:4)
  A wraith (D:7)
  A steam dragon (D:7)
  A water moccasin (D:6)
  Duvessa (D:7)
  2 black bears
  An orc warrior (D:7)
  A sky beast (D:6)
  3 necrophages
  4 ogres
  Blork the orc (D:4)
  2 bullfrogs (D:8)
  A kobold brigand (D:7)
  4 scorpions
  A water moccasin zombie (D:7)
  Dowan (D:7)
  A wyvern skeleton (D:7)
  A water moccasin skeleton (D:6)
  A jelly (D:7)
  8 wights
  3 howler monkeys (D:8)
  5 centaur zombies
  A human zombie (D:7)
  4 hounds
  Crazy Yiuf (D:5)
  3 iguanas
  A killer bee zombie (D:7)
  2 mummies (D:7)
  A howler monkey zombie (D:7)
  3 gnolls (D:5)
  9 adders
  3 white imps
  An ufetubus (D:7)
  2 adder skeletons (D:4)
  2 worms (D:2)
  A dart slug (D:2)
  19 orcs
  8 ball pythons
  4 bats (D:2)
  7 endoplasms
  2 giant cockroaches
  6 hobgoblins
  4 jackals (D:2)
  2 quokkas
  2 frilled lizards
  4 goblins
  9 kobolds
  4 rats
156 creatures vanquished.

Vanquished Creatures (others)
  2 demonic plants (Temple)
  417 foxfires
  4 fungi (D:5)
423 creatures vanquished.

Grand Total: 579 creatures vanquished

Notes
Turn   | Place    | Note
-------+----------+-------------------------------------------
     0 | D:1      | unlimited1921 the Djinni Fire Elementalist began the quest
                  | for the Orb.
     0 | D:1      | Reached XP level 1. HP: 15/15 MP: 0/0
   632 | D:1      | Reached XP level 2. HP: 11/22 MP: 0/0
  1406 | D:2      | Reached skill level 3 in Spellcasting
  1406 | D:2      | Reached XP level 3. HP: 23/26 MP: 0/0
  1406 | D:2      | Learned a level 1 spell: Sandblast
  1908 | D:2      | Reached skill level 1 in Fighting
  2041 | D:2      | Reached XP level 4. HP: 22/32 MP: 0/0
  2789 | D:3      | Reached XP level 5. HP: 34/37 MP: 0/0
  2789 | D:3      | Learned a level 2 spell: Ensorcelled Hibernation
  3088 | D:3      | Found a faded altar of an unknown god.
  3856 | D:4      | Reached skill level 4 in Spellcasting
  3856 | D:4      | Reached XP level 6. HP: 32/43 MP: 0/0
  3945 | D:4      | Reached skill level 1 in Maces & Flails
  4012 | D:4      | Noticed an ogre
  4018 | D:4      | Killed an ogre
  4019 | D:4      | Reached XP level 7. HP: 44/49 MP: 0/0
  4019 | D:4      | Learned a level 2 spell: Corpse Rot
  4436 | D:4      | Found a blossoming altar of Fedhas.
  4502 | D:4      | Noticed Blork the orc
  4510 | D:4      | Killed Blork the orc
  4615 | D:4      | Reached skill level 5 in Spellcasting
  4957 | D:4      | Noticed a yak
  4957 | D:4      | Noticed a yak
  4957 | D:4      | Noticed a yak
  4958 | D:4      | Noticed a yak
  4963 | D:4      | Killed a yak
  4967 | D:4      | Killed a yak
  4968 | D:4      | Reached XP level 8. HP: 26/58 MP: 0/0
  4973 | D:4      | Killed a yak
  4973 | D:4      | Noticed a yak
  4978 | D:4      | Killed a yak
  4979 | D:4      | Reached skill level 6 in Spellcasting
  5240 | D:4      | Killed a yak
  5470 | D:4      | Found a shimmering altar of Xom.
  5472 | D:4      | Found a bloodstained altar of Trog.
  5473 | D:4      | Found a sacrificial altar of Ru.
  5473 | D:4      | Found a hide-covered altar of Uskayaw.
  5474 | D:4      | Found a sparkling altar of Nemelex Xobeh.
  5474 | D:4      | Found a broken altar of Ashenzari.
  5475 | D:4      | Found a glowing silver altar of Zin.
  5841 | D:5      | Entered Level 5 of the Dungeon
  5931 | D:5      | Identified the +5 falchion of Crusades {vorpal, Fragile
                  | Int+2 Dex+9 SInv}
  6044 | D:5      | Reached XP level 9. HP: 48/63 MP: 0/0
  6044 | D:5      | Learned a level 3 spell: Confusing Touch
  6143 | D:5      | Found an ornate altar of the Wu Jian Council.
  6815 | D:5      | Found a runed translucent door.
  6834 | D:5      | Noticed Crazy Yiuf
  6841 | D:5      | Killed Crazy Yiuf
  6842 | D:5      | Reached skill level 7 in Spellcasting
  7151 | D:6      | Reached skill level 1 in Armour
  7154 | D:6      | Reached skill level 5 in Fighting
  7725 | D:6      | Found a staircase to the Ecumenical Temple.
  7757 | Temple   | Entered the Ecumenical Temple
  7835 | Temple   | Became a worshipper of Gozag Ym Sagoz the Greedy
  8094 | D:7      | Noticed Duvessa
  8094 | D:7      | Noticed Dowan
  8712 | D:8      | Identified the +4 leather armour "Sosuobyv" {Will- Str+3
                  | Slay+5}
  9357 | D:8      | Reached skill level 8 in Spellcasting
  9575 | D:8      | Noticed Joseph
  9581 | D:8      | Killed Joseph
  9582 | D:8      | Reached XP level 10. HP: 35/70 MP: 0/0
 10110 | D:7      | Killed Duvessa
 10114 | D:7      | Killed Dowan
 10341 | D:7      | Noticed a deep elf pyromancer
 10347 | D:7      | Killed a deep elf pyromancer
 10348 | D:7      | Reached skill level 5 in Dodging
 10439 | D:7      | Identified the +1 spear of Abomination {protect, rCorr
                  | Str+2 Dex+2}
 10957 | D:7      | Found a glowing golden altar of the Shining One.
 11047 | D:7      | Reached skill level 9 in Spellcasting
 11879 | D:7      | Found a basalt altar of Yredelemnul.
 14194 | D:10     | Entered Level 10 of the Dungeon
 14194 | D:10     | Noticed a two-headed ogre
 14200 | D:9      | Slain by a two-headed ogre

Illustrated notes

Levels and vault maps discovered:
D:1:      lightli_arrival_windingriver, layout_basic
D:2:      layout_rooms
D:3:      layout_rooms, ebering_ecumenical_altar_mist
D:4:      layout_basic, old_standard_altar, grunt_temple_overflow_open,
          uniq_blork_the_orc
D:5:      layout_loops_ring, mainiacjoe_overflow_24_doors,
          uniq_crazy_yiuf_cottage
D:6:      layout_rooms, minmay_temple_entry_mini_moons, nrook_mini_vaults,
          kennysheep_nondescript, amethyst_killhole
D:7:      layout_cave_pools, lemuel_mausoleum_altar_yredelemnul,
          nicolae_tso_swordbearing_angel, minmay_stone_trees_medium,
          uniq_duvessa
D:8:      layout_loops_ring, uniq_joseph
D:9:      layout_roguey, mainiacjoe_overflow_alcove_1, uniq_erica, uniq_maggie
D:10:     layout_roguey, erik_lair_island
Temple:   corrupted_temple

Skill      XL: |  1  2  3  4  5  6  7  8  9 10 |
---------------+-------------------------------+-----
Spellcasting   | 3 4 5 6 8 9 |  9.2
Fighting       | 1 2 3 4 5 6 |  6.2
Stealth        | 2 3 |  3.5
Maces & Flails | 1 2 |  2.2
Dodging        | 3 4 5 |  5.2
Armour         | 2 3 |  3.6

Action                   |  1- 3 |  4- 6 |  7- 9 | 10-12 || total
-------------------------+-------+-------+-------+-------++-------
Melee: Mace              |    19 |     2 |     2 |       ||    23
       Falchion          |       |       |    12 |    18 ||    30
       Punch             |       |       |     1 |       ||     1
 Cast: Foxfire           |    58 |    55 |    84 |    61 ||   258
       Scorch            |       |    17 |    43 |    12 ||    72
       Inner Flame       |       |     2 |    42 |    24 ||    68
       Ensorcelled Hiber |       |     1 |     4 |       ||     5
       Confusing Touch   |       |       |     3 |       ||     3
       Conjure Flame     |       |       |     1 |       ||     1
       Corpse Rot        |       |       |     1 |       ||     1
       Flame Wave        |       |       |       |     5 ||     5
       Sandblast         |       |       |       |     2 ||     2
  Use: Scroll            |       |       |       |     9 ||     9
 Stab: Sleeping          |     1 |       |     1 |     2 ||     4
       Distracted        |       |     1 |       |       ||     1
Armor: Robe              |     8 |     2 |     3 |       ||    13
       Leather armour    |       |       |     2 |     9 ||    11
Dodge: Dodged            |    18 |    10 |    15 |    27 ||    70
